 Dungeon Crawl Stone Soup version 0.30-b1-2-g02819fbbbe (webtiles) character file.

Game seed: 11856675686547988006

67 sanka the Shooter (level 3, -4/26 HPs)
             Began as a Demigod Enchanter on May 17, 2023.
             Killed from afar by Grinder (8 damage)
             ... with a puff of flame
             ... while paralysed by Grinder
             ... on level 3 of the Dungeon.
             The game lasted 00:02:55 (2059 turns).

sanka the Shooter (Demigod Enchanter)               Turns: 2059, Time: 00:02:55

Health: -4/26      AC:  2    Str:  9    XL:     3   Next: 72%
Magic:  8/8        EV:  2    Int: 17    God:
Gold:   150        SH:  0    Dex: 18    Spells: 5/5 levels left

rFire   . . .        d - +2 dagger (drain)
rCold   . . .        (no shield)
rNeg    . . .        b - +0 robe
rPois   .            (no helmet)
rElec   .            (no cloak)
rCorr   .            (no gloves)
SInv    .            (no boots)
Will    .....        (no amulet)
Stlth   ++           (no ring)
HPRegen 0.24/turn    (no ring)
MPRegen 0.11/turn

%: no passive effects
@: paralysed, invisible
A: high MP 1, forlorn, divine attributes
a: no special abilities


You were on level 3 of the Dungeon.
You visited 1 branch of the dungeon, and saw 3 of its levels.

You collected 150 gold pieces.

Inventory:

Hand Weapons
 a - a +1 dagger
 d - a +2 dagger of draining (weapon)
 p - the +4 quarterstaff of Starshine {pain, rC++ Dex+3}
   (You found it on level 3 of the Dungeon)

   Dex:       It affects your dexterity (+3).
   rC:        It greatly protects you from cold.
Armour
 b - a +0 robe (worn)
Scrolls
 e - 4 scrolls of identify {unknown}
 f - 2 scrolls of vulnerability {unknown}
 h - a scroll of fear {unknown}
 j - a scroll of enchant armour {unknown}
 k - a scroll of teleportation {unknown}
 m - a scroll of torment {unknown}
 o - a scroll of immolation {unknown}
Potions
 g - 2 potions of attraction {unknown}
 i - 4 potions of curing {unknown}
 l - 2 potions of flight {unknown}
 n - a potion of brilliance {unknown}
 q - a potion of heal wounds {unknown}


   Skills:
 - Level 0.8 Short Blades
 + Level 3.3 Ranged Weapons
 - Level 1.7 Dodging
 - Level 2.6 Stealth
 - Level 1.7 Spellcasting
 - Level 2.6 Hexes


You had 5 spell levels left.
You didn't know any spells.
Your spell library contained the following spells:

 Spells                   Type           Power      Damage    Failure   Level
 Ensorcelled Hibernation  Hex/Ice        12%        N/A       17%         2
 Confusing Touch          Hex            10%        N/A       21%         3
 Tukima's Dance           Hex            10%        N/A       21%         3
 Dazzling Flash           Conj/Hex       12%        N/A       34%         3
 Alistair's Intoxication  Tmut/Pois      0%         N/A       99%         5
 Borgnjor's Vile Clutch   Necr/Erth      0%         N/A       99%         5
 Eringya's Noxious Bog    Tmut/Pois      0%         N/A       100%        6


Dungeon Overview and Level Annotations

Branches:
Dungeon (3/15)

Annotations:
D:3 1 runed translucent door, Crazy Yiuf, Grinder


Innate Abilities, Weirdness & Mutations

You have an increased reservoir of magic. (+10% MP)
You shall have no god before yourself.
Your divine heritage dramatically boosts your attributes as you level up.


Message History

The bat misses you. The bat barely misses you.
Grinder shouts!
You hit Grinder but do no damage. The bat closely misses you.
Grinder misses you.
Okay, then.
Press: ? - help, v - describe, . - travel
Here: Grinder, carrying a wand of flame (14)
The floor.
You fade into invisibility!
The bat hits you but does no damage. Grinder misses you.
You catch the helpless Grinder completely off-guard!
You puncture Grinder!
Grinder is moderately wounded.
The bat closely misses you. Grinder barely misses you.
You hit Grinder.
Grinder is moderately wounded.
The bat misses you. Grinder hits you.
You writhe in agony.
You closely miss Grinder.
Grinder is moderately wounded.
The bat closely misses you. The bat hits you. Grinder hits you.
You writhe in agony.
Grinder zaps a wand.
The bat barely misses you. Grinder barely misses you.
You hit Grinder but do no damage.
Grinder is moderately wounded.
The bat closely misses you.
You hit Grinder.
Grinder is moderately wounded.
The bat barely misses you. Grinder gestures at you.
You suddenly lose the ability to move!
Grinder hits you.
* * * LOW HITPOINT WARNING * * *
The bat hits you.
* * * LOW HITPOINT WARNING * * *
The bat hits you.
* * * LOW HITPOINT WARNING * * *
Grinder zaps a wand.
The puff of flame hits you!
You die...

#.###'#####..#<#.########
#.##.........#.........
#.##.........#.########
#.##.........#.#
#.###........#.# #.#
########'#.# #.........#
#b.5......#. #...
#..@......#.# #...
#............. #...
#########.#.#.# #...
#.#.#..##... #.# ........
.# ####.... #<.... #.....
#.#...


You could see Grinder (unable to see you) and a bat.

Vanquished Creatures
  3 worms (D:2)
  A dart slug (D:3)
  An orc (D:2)
  4 ball pythons
  6 endoplasms
  A giant cockroach (D:1)
  3 goblins
  5 hobgoblins
  6 jackals (D:1)
  2 quokkas
  3 bats
  2 frilled lizards (D:1)
  8 kobolds
  6 rats
51 creatures vanquished.

Notes
Turn   | Place    | Note
-------+----------+-------------------------------------------
     0 | D:1      | sanka the Demigod Enchanter began the quest for the Orb.
     0 | D:1      | Reached XP level 1. HP: 14/14 MP: 5/5
    20 | D:1      | Reached skill level 1 in Ranged Weapons
   153 | D:1      | Reached XP level 2. HP: 10/20 MP: 7/7
   343 | D:1      | Reached skill level 2 in Ranged Weapons
   780 | D:2      | Reached XP level 3. HP: 26/26 MP: 8/8
  1117 | D:2      | Reached skill level 3 in Ranged Weapons
  1498 | D:3      | Noticed Grinder
  1795 | D:3      | Identified the +4 quarterstaff of Starshine {pain, rC++
                  | Dex+3}
  1865 | D:3      | Found a runed translucent door.
  1866 | D:3      | Noticed Crazy Yiuf
  2057 | D:3      | Paralysed by Grinder for 4 turns
  2059 | D:3      | Killed from afar by Grinder

Illustrated notes

Levels and vault maps discovered:
D:1:      mushboom_english_gardens, layout_basic,
          hellmonk_ecumenical_altar_crossroads
D:2:      layout_basic
D:3:      layout_basic, nicolae_dithmenos_through_a_glass_darkly, uniq_grinder,
          uniq_crazy_yiuf_cottage

Skill      XL: |  1  2  3 |
---------------+----------+-----
Ranged Weapons | 1 2 3 |  3.3
Short Blades   | |  0.8
Dodging        | |  1.7
Stealth        | |  2.6
Spellcasting   | |  1.7
Hexes          | |  2.6

Action                     || total
---------------------------++-------
  Melee: Dagger            ||   130
         Punch             ||     1
    Use: Potion            ||     2
   Stab: Invisible         ||     4
         Sleeping          ||     6
 Armour: Robe              ||    18
  Dodge: Dodged            ||    90
